AoeStats
← wun ren

Fortress

507255444Analyzed
4v4 RM · 14d ago on Sep 17, 2026· 47m 1s· 8 players
Game mode
Random Map
Map size
Huge
Population
200
Speed
Normal
Resources
Standard
Victory
Conquest
Starting age
Dark Age
Ending age
Imperial Age
RankedLock teamsTeams togetherTeam positionsShared explorationLock speedFull tech treeHidden civsTurbo modeCheats
Victory
Defeat
🇦🇷 Georgians · Argentina
1406
+9
🇨🇳 Franks · China
1355
+11
🇹🇼 Portuguese · Taiwan
1291
+13
🇹🇼 Mongols · Taiwan
1254
+15
🇨🇳 Poles · China
1290
-14
🇨🇳 Japanese · China
1255
-13
🇩🇰 Saracens · Denmark
1236
-12
🇨🇳 Bohemians · China
1162
-9
lsh2911
7:56 Feudal Age
12:09 Castle Age
10:34 Double-Bit Axe
10:32 Horse Collar
21:51 Wheelbarrow
26:49 Imperial Age
24:50 Scale Mail Armor
25:21 Forging
26:07 Chain Mail Armor
27:13 Heavy Plow
27:25 Bow Saw
26:49 Elite Mameluke
28:17 Plate Mail Armor
29:35 Scale Barding Armor
30:50 Bloodlines
30:42 Husbandry
31:59 Iron Casting
33:59 Blast Furnace
一梦千年
8:15 Feudal Age
12:16 Castle Age
12:36 Double-Bit Axe
14:42 Horse Collar
19:34 Imperial Age
16:50 Loom
18:42 Heavy Plow
18:28 Elite Skirmisher
19:11 Padded Archer Armor
20:21 Chemistry
22:45 Fletching
23:11 Leather Archer Armor
27:54 Bow Saw
28:41 Ring Archer Armor
30:16 Ballistics
32:52 Conscription
35:25 Bodkin Arrow
40:43 Fortified Wall
40:41 Siege Engineers
40:33 Murder Holes
再见也是梦
7:22 Feudal Age
11:29 Castle Age
9:47 Double-Bit Axe
10:29 Scale Mail Armor
22:35 Chain Mail Armor
28:40 Bow Saw
28:59 Horse Collar
30:21 Wheelbarrow
29:32 Loom
29:33 Town Watch
31:05 Padded Archer Armor
30:56 Fletching
34:06 Imperial Age
32:06 Gold Mining
32:35 Hand Cart
32:35 Heavy Plow
32:03 Elite Skirmisher
32:30 Treadmill Crane
34:47 Town Patrol
35:19 Ballistics
35:32 Parthian Tactics
35:30 Bodkin Arrow
36:47 Gold Shaft Mining
36:03 Stone Mining
36:08 Heavy Cavalry Archer
37:13 Leather Archer Armor
36:58 Bracer
38:50 Ring Archer Armor
41:04 Chemistry
41:33 Conscription
41:35 Kataparuto
班长
7:37 Feudal Age
11:38 Castle Age
9:33 Double-Bit Axe
9:48 Horse Collar
14:22 Bow Saw
15:26 Heavy Plow
18:41 Wheelbarrow
25:36 Imperial Age
24:01 Husbandry
24:11 Bloodlines
24:13 Szlachta Privileges
24:39 Scale Barding Armor
24:45 Forging
24:26 Fletching
26:00 Chain Barding Armor
26:50 Conscription
26:04 Cavalier
27:22 Iron Casting
29:48 Blast Furnace
28:39 Fletching
28:13 Light Cavalry
29:42 Winged Hussar
36:49 Thumb Ring
36:07 Elite Skirmisher
36:46 Bodkin Arrow
36:51 Padded Archer Armor
38:09 Lechitic Legacy
38:33 Hoardings
44:13 Bracer
44:28 Leather Archer Armor
44:14 Scale Mail Armor
[TAIDA] WH
3:49 Loom
7:11 Feudal Age
11:16 Castle Age
9:35 Double-Bit Axe
9:58 Horse Collar
12:24 Bow Saw
13:31 Heavy Plow
14:09 Fletching
18:17 Padded Archer Armor
18:16 Bodkin Arrow
20:43 Ballistics
22:07 Husbandry
22:28 Gold Mining
25:28 Scale Barding Armor
26:07 Bloodlines
25:54 Loom
28:24 Chain Barding Armor
31:44 Imperial Age
29:25 Forging
29:43 Light Cavalry
30:55 Padded Archer Armor
32:24 Iron Casting
32:32 Leather Archer Armor
32:27 Bracer
33:11 Conscription
33:32 Leather Archer Armor
33:53 Iron Casting
33:38 Sappers
33:46 Hussar
36:17 Blast Furnace
40:50 Wheelbarrow
39:37 Elite Mangudai
40:53 Capped Ram
42:20 Siege Ram
43:41 Drill
46:43 Hand Cart
46:59 Nomads
47:00 Scale Mail Armor
[TAIDA]鯊魚辣椒
4:43 Loom
6:47 Feudal Age
11:24 Castle Age
9:16 Double-Bit Axe
19:56 Forging
19:51 Scale Barding Armor
19:56 Forging
22:25 Wheelbarrow
22:59 Bow Saw
23:12 Town Watch
27:23 Imperial Age
25:19 Husbandry
26:39 Chain Barding Armor
27:49 Iron Casting
27:28 Cavalier
31:43 Pikeman
32:23 Squires
33:39 Halberdier
34:21 Scale Mail Armor
35:22 Blast Furnace
35:52 Paladin
40:02 Conscription
41:25 Chain Mail Armor
42:36 Light Cavalry
wun ren
0:31 Loom
8:37 Feudal Age
9:20 Horse Collar
10:43 Double-Bit Axe
14:26 Castle Age
14:54 Gold Mining
25:35 Imperial Age
28:37 Stone Mining
29:17 Fortified Wall
30:06 Masonry
31:43 Coinage
32:47 Stone Shaft Mining
33:01 Banking
33:49 Guard Tower
34:20 Ballistics
38:39 Chemistry
38:16 Keep
38:58 Architecture
38:59 Fletching
41:00 Murder Holes
44:15 Conscription
[TAIDA]= =
7:14 Feudal Age
12:26 Castle Age
10:38 Double-Bit Axe
11:07 Horse Collar
13:21 Bow Saw
14:42 Horse Collar
16:38 Wheelbarrow
16:19 Loom
20:59 Heavy Plow
21:54 Town Watch
23:36 Hand Cart
23:32 Scale Barding Armor
23:37 Forging
28:45 Imperial Age
26:28 Forging
26:45 Bloodlines
26:35 Husbandry
26:49 Gold Mining
26:52 Stone Mining
27:05 Husbandry
28:18 Chain Barding Armor
28:41 Ballistics
28:12 Guard Tower
28:28 Svan Towers
29:56 Iron Casting
30:26 Plate Barding Armor
29:29 Elite Monaspa
30:03 Fletching
30:00 Arrowslits
31:17 Chemistry
31:06 Aznauri Cavalry
31:21 Conscription
32:02 Blast Furnace
30:47 Treadmill Crane
31:17 Masonry
31:51 Bodkin Arrow
32:51 Keep
32:12 Murder Holes
33:42 Bracer
40:42 Scale Mail Armor
40:43 Squires
40:29 Gambesons
40:29 Arson
40:04 Pikeman
40:42 Halberdier
42:12 Chain Mail Armor
41:30 Light Cavalry
43:12 Plate Mail Armor
43:49 Town Patrol
44:40 Hoardings
43:37 Hussar
46:33 Capped Ram
Connection lost

Rejoining the realm…

Still unreachable

The connection could not be restored.

Session expired

The server has moved on; the page needs a fresh start.